 Dungeon Crawl Stone Soup version 0.26.1-10-gdfb7c7de75 (webtiles) character file.

Game seed: 8944075855446271339

310 tardwrangler69 the Chopper (level 6, -1/55 HPs)
             Began as a Minotaur Fighter on Mar 31, 2021.
             Slain by an orc
             ... wielding a +0 morningstar
              (8 damage)
             ... on level 3 of the Dungeon.
             The game lasted 00:01:58 (2431 turns).

tardwrangler69 the Chopper (Minotaur Fighter)       Turns: 2431, Time: 00:01:59

Health: -1/55      AC:  7    Str: 22    XL:     6   Next: 17%
Magic:  5/5        EV:  8    Int:  5    God:
Gold:   161        SH:  9    Dex: 10    Spells: 5/5 levels left

rFire    . . .     SeeInvis .   a - +0 war axe
rCold    . . .     Faith    .   c - +0 kite shield
rNeg     . . .     Spirit   .   b - +0 scale mail
rPois    .         Reflect  .   (helmet restricted)
rElec    .         Harm     .   (no cloak)
rCorr    .         Rampage  .   (no gloves)
Will     .....                  (no boots)
Stlth    ..........             (no amulet)
HPRegen  0.18/turn              (no ring)
MPRegen  0.09/turn              (no ring)

@: no status effects
A: retaliatory headbutt, horns 2
a: no special abilities


You were on level 3 of the Dungeon.
You visited 1 branch of the dungeon, and saw 3 of its levels.

You collected 161 gold pieces.

Inventory:

Hand Weapons
 a - a +0 war axe (weapon)
Armour
 b - a +0 scale mail (worn)
 c - a +0 kite shield (worn)
Scrolls
 e - 2 scrolls of noise {unknown}
 g - 5 scrolls of identify {unknown}
 h - a scroll of enchant weapon {unknown}
 j - a scroll of random uselessness {unknown}
 l - 2 scrolls of enchant armour {unknown}
 n - a scroll of amnesia {unknown}
 p - a scroll of remove curse {unknown}
 q - a scroll of immolation {unknown}
Potions
 d - 2 potions of might
 f - a potion of lignification {unknown}
 i - 2 potions of ambrosia {unknown}
 k - 2 potions of flight {unknown}
 m - a potion of curing {unknown}
 o - a potion of invisibility {unknown}


   Skills:
 + Level 4.8 Fighting
 * Level 5.2 Axes
 + Level 4.8 Armour
 + Level 2.6 Dodging
 - Level 4.0 Shields


You had 5 spell levels left.
You didn't know any spells.
Your spell library was empty.

Dungeon Overview and Level Annotations

Branches:
Dungeon (3/15)

Altars:


Innate Abilities, Weirdness & Mutations

You reflexively headbutt those who attack you in melee.
You have a pair of horns on your head.


Message History

You are too injured to fight recklessly!
You are too injured to fight recklessly!
You are too injured to fight recklessly!
You are too injured to fight recklessly!
You are too injured to fight recklessly!
You are too injured to fight recklessly!
You are too injured to fight recklessly!
There are monsters nearby!
There are monsters nearby!
You hit the orc priest.
The orc priest is almost dead.
The orc priest mumbles some strange prayers to Beogh against you.
Beogh smites you!
* * * LOW HITPOINT WARNING * * *
You hit the orc priest.
You kill the orc priest!
The orc throws a boomerang.
You block the boomerang.
The weapon returns to the orc!
The orc hits you with a +0 morningstar!
You die...

#.## ##....##.# ##.##
##.###.##.#
#######.###.####.##.#####
#####..........#............#
...........[.....##########.#
######.#####...### ### ##.##
#.########## #.))@o......
############


You could see an orc.

Vanquished Creatures
  An orc priest (D:3)
  3 orc wizards (D:3)
  Terence (D:3)
  2 worker ants
  3 adders (D:2)
  A worm (D:3)
  7 dart slugs
  A leopard gecko (D:1)
  8 orcs (D:3)
  2 ball pythons (D:2)
  3 giant cockroaches
  7 goblins
  5 hobgoblins
  2 jackals (D:1)
  2 quokkas (D:2)
  6 bats
  9 frilled lizards
  6 kobolds
  7 rats
76 creatures vanquished.

Notes
Turn   | Place    | Note
-------+----------+-------------------------------------------
     0 | D:1      | tardwrangler69 the Minotaur Fighter began the quest for the
                  | Orb.
     0 | D:1      | Reached XP level 1. HP: 19/19 MP: 0/0
   101 | D:1      | Reached XP level 2. HP: 27/27 MP: 1/1
   133 | D:1      | Reached skill level 3 in Axes
   782 | D:1      | Reached XP level 3. HP: 32/33 MP: 2/2
   876 | D:2      | Reached skill level 1 in Dodging
  1249 | D:2      | Reached XP level 4. HP: 40/40 MP: 3/3
  1708 | D:2      | Reached skill level 4 in Axes
  1784 | D:3      | Noticed Terence
  1795 | D:3      | Killed Terence
  1796 | D:3      | Reached XP level 5. HP: 42/47 MP: 4/4
  2052 | D:3      | Reached skill level 5 in Axes
  2062 | D:3      | Reached XP level 6. HP: 36/53 MP: 5/5
  2431 | D:3      | Slain by an orc

Illustrated notes

Levels and vault maps discovered:
D:1:      dpeg_arrival_arbitrary_c, layout_basic, st_stairs_12
D:2:      layout_loops_cross
D:3:      layout_loops_ring, uniq_terence, uniq_jessica

Skill      XL: |  1  2  3  4  5 |
---------------+----------------+-----
Axes           | 3 4 5 |  5.2
Shields        | 4 |  4.0
Dodging        | 1 2 |  2.6
Fighting       | 4 |  4.8
Armour         | 4 |  4.8

Action                   |  1- 3 |  4- 6 || total
-------------------------+-------+-------++-------
Melee: War axe           |    89 |   106 ||   195
       Headbutt          |    11 |    15 ||    26
Armor: Scale mail        |    47 |    44 ||    91
Dodge: Dodged            |    42 |    35 ||    77
Block: Kite shield       |    49 |    55 ||   104
